2754 views
Uploaded 2020-04-16 23:54:46
Game version 1.32.3
17:50 long 1on1 ladder game on (2)ConcealedHill
Saved by BEARAND
2754 views
Uploaded 2020-04-16 23:54:46
Game version 1.32.3
17:50 long 1on1 ladder game on (2)ConcealedHill

/ 0.4k
24 buildings @ 3.5k
/ 1.7k


| Peon | 15 | 1125 | / | 0 |
| Grunt | 6 | 1200 | / | 0 |
| Troll Headhunter | 1 | 140 | / | 20 |
| Demolisher | 6 | 1320 | / | 300 |
| Troll Witch Doctor | 2 | 290 | / | 50 |
| total: | 30 | 4075g | / | 370w |
| Watch Tower | 13 | 1430 | / | 1040 |
| Altar of Storms | 1 | 180 | / | 50 |
| Orc Burrow | 5 | 800 | / | 200 |
| War Mill | 1 | 205 | / | 0 |
| Barracks | 1 | 180 | / | 50 |
| Voodoo Lounge | 1 | 130 | / | 30 |
| Great Hall | 1 | 385 | / | 185 |
| Spirit Lodge | 1 | 150 | / | 150 |
| Stronghold | 1 | 315 | / | 190 |
| total: | 24 | 3460g | / | 1705w |
| 0:03 | Altar of Storms |
| 0:04 | Orc Burrow |
| 0:06 | Peon |
| 0:06 | Peon |
| 0:34 | War Mill |
| 0:40 | Peon |
| 0:55 | Peon |
| 1:08 | Peon |
| 1:21 | Peon |
| 1:43 | Barracks |
| 1:44 | Peon |
| 2:14 | Peon |
| 2:15 | Peon |
| 2:22 | Orc Burrow |
| 2:34 | Wind Walk |
| 3:11 | Peon |
| 3:35 | Watch Tower |
| 3:37 | Watch Tower |
| 3:42 | Grunt |
| 3:44 | Orc Burrow |
| 3:53 | Stronghold |
| 4:22 | Grunt |
| 4:40 | Watch Tower |
| 4:41 | Watch Tower |
| 4:52 | Grunt |
| 5:04 | Watch Tower |
| 5:31 | Watch Tower |
| 5:33 | Watch Tower |
| 6:10 | Troll Headhunter |
| 6:25 | Watch Tower |
| 6:32 | Watch Tower |
| 6:53 | Voodoo Lounge |
| 7:39 | Orc Burrow |
| 8:04 | Spirit Lodge |
| 8:11 | Hex |
| 8:22 | Demolisher |
| 8:33 | Mirror Image |
| 9:00 | Reinforced Defenses |
| 9:03 | Grunt |
| 9:57 | Watch Tower |
| 10:10 | Grunt |
| 10:11 | Berserker Strength |
| 10:13 | Troll Witch Doctor |
| 10:13 | Troll Witch Doctor |
| 10:15 | Witch Doctor Adept Training |
| 10:18 | Healing Wave |
| 10:23 | Demolisher |
| 10:30 | Peon |
| 11:14 | Great Hall |
| 11:24 | Grunt |
| 12:16 | Demolisher |
| 12:42 | Demolisher |
| 12:44 | Steel Ranged Weapons |
| 12:54 | Watch Tower |
| 13:16 | Orc Burrow |
| 14:58 | Thorium Ranged Weapons |
| 16:15 | Watch Tower |
| 16:20 | Watch Tower |
| 16:30 | Peon |
| 16:30 | Peon |
| 16:30 | Peon |
| 16:31 | Peon |
| 17:11 | Demolisher |
| 17:11 | Demolisher |
| Select | 248 |
| Right click | 237 |
| Chat | 104 |
| Misc. action | 62 |
| Build/train/purchase | 57 |
| Use ability | 16 |
21 units @ 1.9k
/ 0.1k
58 buildings @ 3k
/ 1.5k



| Scroll of Regeneration | 6 | 600 |
| Potion of Healing | 7 | 1050 |
| Lesser Clarity Potion | 2 | 140 |
| Staff of Sanctuary | 3 | 750 |
| Orb of Fire | 2 | 650 |
| Boots of Speed | 3 | 750 |
| Staff of Teleportation | 3 | 450 |
| Periapt of Vitality | 1 | 325 |
| total: | 27 | 4715g |
| Peasant | 19 | 1425 | / | 0 |
| Priest | 1 | 135 | / | 10 |
| Goblin Shredder | 1 | 375 | / | 100 |
| total: | 21 | 1935g | / | 110w |
| Scout Tower | 46 | 1380 | / | 920 |
| Arcane Tower | 2 | 140 | / | 100 |
| Guard Tower | 28 | 1960 | / | 1400 |
| Altar of Kings | 1 | 180 | / | 50 |
| Farm | 5 | 400 | / | 100 |
| Lumber Mill | 1 | 120 | / | 0 |
| Arcane Vault | 3 | 390 | / | 90 |
| Town Hall | 1 | 385 | / | 205 |
| Arcane Sanctum | 1 | 150 | / | 140 |
| Keep | 1 | 320 | / | 210 |
| Castle | 1 | 360 | / | 210 |
| total: | 58 | 3005g | / | 1505w |
| 0:03 | Peasant |
| 0:03 | Peasant |
| 0:04 | Peasant |
| 0:13 | Altar of Kings |
| 0:20 | Farm |
| 0:29 | Peasant |
| 0:44 | Lumber Mill |
| 0:46 | Scout Tower |
| 0:46 | Peasant |
| 0:55 | Peasant |
| 1:04 | Peasant |
| 1:20 | Farm |
| 1:24 | Arcane Vault |
| 1:30 | Peasant |
| 1:37 | Peasant |
| 1:43 | Arcane Tower |
| 1:49 | Scout Tower |
| 1:58 | Arcane Vault |
| 2:08 | Peasant |
| 2:09 | Peasant |
| 2:10 | Blizzard |
| 2:16 | Peasant |
| 2:16 | Peasant |
| 2:39 | Guard Tower |
| 2:40 | Peasant |
| 2:40 | Peasant |
| 2:59 | Brilliance Aura |
| 3:05 | Peasant |
| 3:05 | Peasant |
| 3:10 | Scout Tower |
| 3:11 | Scout Tower |
| 3:11 | Scout Tower |
| 3:12 | Scout Tower |
| 3:18 | Scroll of Regeneration |
| 3:32 | Peasant |
| 3:41 | Scout Tower |
| 3:44 | Guard Tower |
| 3:45 | Guard Tower |
| 3:45 | Arcane Tower |
| 3:48 | Guard Tower |
| 4:11 | Guard Tower |
| 4:12 | Scroll of Regeneration |
| 4:36 | Scout Tower |
| 5:01 | Boots of Speed |
| 5:01 | Staff of Teleportation |
| 5:14 | Guard Tower |
| 5:15 | Scout Tower |
| 5:49 | Town Hall |
| 5:53 | Blizzard |
| 5:57 | Guard Tower |
| 6:06 | Scout Tower |
| 6:07 | Scout Tower |
| 6:35 | Keep |
| 6:47 | Guard Tower |
| 7:03 | Scroll of Regeneration |
| 7:07 | Guard Tower |
| 7:08 | Scout Tower |
| 7:09 | Scout Tower |
| 7:18 | Scout Tower |
| 7:18 | Scout Tower |
| 7:27 | Peasant |
| 7:39 | Guard Tower |
| 7:55 | Guard Tower |
| 7:58 | Scout Tower |
| 7:58 | Scout Tower |
| 7:58 | Scout Tower |
| 8:10 | Scroll of Regeneration |
| 8:16 | Farm |
| 8:17 | Farm |
| 8:18 | Guard Tower |
| 8:21 | Scout Tower |
| 8:21 | Scout Tower |
| 8:22 | Scout Tower |
| 8:23 | Scout Tower |
| 8:24 | Scout Tower |
| 8:24 | Scout Tower |
| 8:30 | Guard Tower |
| 8:38 | Arcane Vault |
| 8:46 | Improved Masonry |
| 9:27 | Scroll of Regeneration |
| 9:36 | Arcane Sanctum |
| 10:05 | Advanced Masonry |
| 10:07 | Guard Tower |
| 10:11 | Storm Bolt |
| 10:18 | Potion of Healing |
| 10:18 | Potion of Healing |
| 10:18 | Potion of Healing |
| 10:19 | Potion of Healing |
| 10:20 | Lesser Clarity Potion |
| 10:33 | Guard Tower |
| 10:34 | Guard Tower |
| 10:40 | Brilliance Aura |
| 10:52 | Magic Sentry |
| 11:07 | Guard Tower |
| 11:08 | Scout Tower |
| 11:15 | Boots of Speed |
| 11:15 | Staff of Teleportation |
| 11:37 | Guard Tower |
| 12:06 | Castle |
| 12:20 | Bash |
| 12:30 | Priest |
| 12:31 | Priest Adept Training |
| 12:41 | Guard Tower |
| 12:46 | Potion of Healing |
| 13:05 | Goblin Shredder |
| 13:36 | Scout Tower |
| 13:36 | Scout Tower |
| 13:37 | Scout Tower |
| 13:37 | Scout Tower |
| 13:47 | Farm |
| 13:48 | Scout Tower |
| 13:49 | Scout Tower |
| 13:49 | Scout Tower |
| 13:51 | Scroll of Regeneration |
| 14:38 | Guard Tower |
| 14:50 | Staff of Sanctuary |
| 14:55 | Imbued Masonry |
| 15:02 | Guard Tower |
| 15:08 | Staff of Sanctuary |
| 15:10 | Guard Tower |
| 15:29 | Holy Light |
| 15:40 | Potion of Healing |
| 15:41 | Potion of Healing |
| 16:06 | Staff of Teleportation |
| 16:06 | Boots of Speed |
| 16:07 | Periapt of Vitality |
| 16:18 | Scout Tower |
| 16:19 | Scout Tower |
| 16:19 | Scout Tower |
| 16:19 | Scout Tower |
| 16:19 | Scout Tower |
| 16:20 | Scout Tower |
| 16:20 | Scout Tower |
| 17:01 | Guard Tower |
| 17:04 | Scout Tower |
| 17:04 | Scout Tower |
| 17:05 | Scout Tower |
| 17:05 | Scout Tower |
| 17:06 | Scout Tower |
| 17:06 | Scout Tower |
| 17:07 | Scout Tower |
| 17:09 | Guard Tower |
| 17:27 | Lesser Clarity Potion |
| 17:29 | Orb of Fire |
| 17:30 | Orb of Fire |
| 17:31 | Staff of Sanctuary |
| 17:42 | Guard Tower |
| Right click | 1657 |
| Select | 509 |
| Build/train/purchase | 157 |
| Select group | 149 |
| Chat | 97 |
| Use ability | 55 |
| Assign group | 13 |
| Misc. action | 11 |
| Item give/drop | 8 |